AoeStats
← Chaac1706

Arabia

509735093Analyzed
1v1 RM · 5d ago on Sep 27, 2026· 48m 23s· 2 players
Game mode
Random Map
Map size
Tiny (2 player)
Population
200
Speed
Normal
Resources
Standard
Victory
Conquest
Starting age
Dark Age
Ending age
Imperial Age
RankedLock teamsTeams togetherTeam positionsShared explorationLock speedFull tech treeHidden civsTurbo modeCheats
Victory
Defeat
🇺🇸 Magyars · United States
1125
+16
🇨🇴 Muisca · Colombia
1129
-16
papa cass
6:25 Loom
9:18 Feudal Age
9:49 Double-Bit Axe
10:01 Horse Collar
16:35 Wheelbarrow
19:47 Castle Age
18:54 Bloodlines
18:59 Gold Mining
19:59 Scale Barding Armor
21:03 Bow Saw
20:54 Heavy Plow
24:44 Chain Barding Armor
24:57 Husbandry
24:58 Town Watch
25:47 Fletching
27:30 Bodkin Arrow
28:53 Padded Archer Armor
30:17 Hand Cart
31:51 Gold Shaft Mining
31:09 Stone Mining
31:40 Thumb Ring
31:56 Town Patrol
33:03 Leather Archer Armor
36:15 Imperial Age
35:04 Corvinian Army
36:07 Ballistics
35:15 Light Cavalry
36:21 Cavalier
37:36 Parthian Tactics
37:32 Hussar
38:23 Heavy Cavalry Archer
39:30 Bracer
42:31 Ring Archer Armor
42:50 Plate Barding Armor
44:06 Paladin
Chaac1706
5:58 Loom
10:01 Feudal Age
10:57 Double-Bit Axe
14:19 Wheelbarrow
17:13 Castle Age
15:27 Horse Collar
17:20 Scale Mail Armor
19:19 Squires
19:49 Bow Saw
20:08 Hand Cart
20:11 Town Watch
24:23 Pikeman
26:40 Heavy Plow
27:49 Town Patrol
28:21 Gold Mining
29:22 Chain Mail Armor
29:18 Forging
34:42 Imperial Age
31:49 Champi Runner
33:38 Iron Casting
32:53 Fletching
33:16 Masonry
33:27 Ballistics
34:54 Champi Warrior
36:25 Plate Mail Armor
37:25 Huaracas
37:23 Herbalism
38:42 Elite Skirmisher
39:14 Elite Champi Warrior
40:57 Conscription
41:31 Elite Guecha Warrior
Connection lost

Rejoining the realm…

Still unreachable

The connection could not be restored.

Session expired

The server has moved on; the page needs a fresh start.